[Event "European School-ch G13 2024"]
[Site "Limerick"]
[Date "2024.06.06"]
[Round "6.3"]
[White "Aydogan, Arya"]
[Black "Dogan, Ipek"]
[Result "1-0"]
[ECO "B52"]
[WhiteElo "1755"]
[BlackElo "1551"]
[Annotator "NA RC"]
[PlyCount "51"]
[EventDate "2024.05.31"]
[EventType "swiss"]
[EventCountry "IRL"]
[SourceTitle "playchess.com"]
[Source "ChessBase"]
[SourceQuality "1"]
[TimeControl "5400+30"]

1. e4 c5 2. Nf3 d6 3. Bb5+ Bd7 4. Bxd7+ Qxd7 5. O-O Nf6 6. Re1 Nc6 7. c3 e6 8. d4 cxd4 9. cxd4 d5 10. e5 Ne4 11. a3 a5 12. Nbd2 Nxd2 13. Bxd2 Be7 14. Rc1 O-O 15. Rc3 a4 16. Rd3 Rfc8 17. h4 b5 18. Nh2 b4 19. Qg4 bxa3 20. bxa3 Na5 21. Bh6 g6 22. Qf4 f5 23. exf6 Bf8 24. Ng4 Qf7 25. Bxf8 Kxf8 26. Qd6+ 1-0

[Event "European School-ch G13 2024"]
[Site "Limerick"]
[Date "2024.06.06"]
[Round "6.5"]
[White "Tumer, Eylul"]
[Black "B. Berglindardottir, Emilia Embla"]
[Result "1-0"]
[ECO "B09"]
[WhiteElo "1539"]
[BlackElo "1544"]
[Annotator "NA RC"]
[PlyCount "81"]
[EventDate "2024.05.31"]
[EventType "swiss"]
[EventCountry "IRL"]
[SourceTitle "playchess.com"]
[Source "ChessBase"]
[SourceQuality "1"]
[TimeControl "5400+30"]

1. e4 d6 2. d4 Nf6 3. Nc3 g6 4. f4 Bg7 5. Nf3 O-O 6. e5 dxe5 7. fxe5 Nfd7 8. Bc4 c5 9. e6 Nb6 10. exf7+ Kh8 11. Qe2 cxd4 12. Ne4 Bg4 13. Bb3 Nc6 14. Bf4 e5 15. Bg5 Qc7 16. Nf6 Bf5 17. Qf2 h5 18. g4 Qe7 19. Nd5 Qc5 20. Nxb6 Qb4+ 21. Bd2 Qxb6 22. gxf5 e4 23. Nh4 Ne5 24. Bf4 Qa5+ 25. Qd2 Qd8 26. Nxg6+ Nxg6 27. fxg6 Qh4+ 28. Bg3 Qf6 29. O-O-O d3 30. c3 Rac8 31. Kb1 Rfd8 32. Qf4 Qxg6 33. Bh4 Rd7 34. Rhg1 Qh7 35. Be6 e3 36. Bxd7 d2+ 37. Bf5 Bh6 38. Bf6+ Bg7 39. Bxh7 e2 40. Bxg7+ Kxh7 41. Qh6# 1-0

[Event "European School-ch G13 2024"]
[Site "Limerick"]
[Date "2024.06.07"]
[Round "7.1"]
[White "Aydogan, Arya"]
[Black "Yazici, Zumral"]
[Result "1/2-1/2"]
[ECO "C47"]
[WhiteElo "1755"]
[BlackElo "1650"]
[Annotator "NA RC"]
[PlyCount "45"]
[EventDate "2024.05.31"]
[EventType "swiss"]
[EventCountry "IRL"]
[SourceTitle "playchess.com"]
[Source "ChessBase"]
[SourceQuality "1"]
[TimeControl "5400+30"]

1. e4 e5 2. Nf3 Nc6 3. Nc3 Nf6 4. a3 d5 5. Bb5 Nxe4 6. Qe2 Qd6 7. Nxe4 dxe4 8. Qxe4 Bd7 9. d4 O-O-O 10. dxe5 Nxe5 11. Bxd7+ Qxd7 12. O-O Nxf3+ 13. Qxf3 Bc5 14. Be3 Bxe3 15. Qxe3 Qd4 16. Qxd4 Rxd4 17. Rad1 Rhd8 18. Rxd4 Rxd4 19. Rc1 Kd7 20. Kf1 Kd6 21. Ke2 Ke5 22. Rd1 a5 23. Rd3 1/2-1/2

[Event "European School-ch G13 2024"]
[Site "Limerick"]
[Date "2024.06.07"]
[Round "7.3"]
[White "Zeybek, Kayla Nil"]
[Black "Dogan, Ipek"]
[Result "1/2-1/2"]
[ECO "A02"]
[WhiteElo "1638"]
[BlackElo "1551"]
[Annotator "NA RC"]
[PlyCount "84"]
[EventDate "2024.05.31"]
[EventType "swiss"]
[EventCountry "IRL"]
[SourceTitle "playchess.com"]
[Source "ChessBase"]
[SourceQuality "1"]
[TimeControl "5400+30"]

1. f4 Nf6 2. Nf3 g6 3. g3 b6 4. Bg2 Bb7 5. d3 Bg7 6. e4 d6 7. O-O O-O 8. Nc3 e5 9. Ne2 Re8 10. h3 d5 11. Nxe5 dxe4 12. Nc3 Qd4+ 13. Kh2 Nfd7 14. Nxd7 Nxd7 15. Nxe4 Nc5 16. Nxc5 Bxg2 17. Nb3 Qd5 18. Rf2 Be4 19. Nd2 Bf5 20. Qf3 Qxf3 21. Nxf3 Re7 22. Nh4 Bd7 23. f5 gxf5 24. Bg5 Ree8 25. c3 h6 26. Bd2 Re7 27. Raf1 Rd8 28. d4 a5 29. Nxf5 Bxf5 30. Rxf5 c5 31. Kg2 cxd4 32. cxd4 Rxd4 33. Bc3 Rde4 34. Bxg7 Kxg7 35. Rf6 Re2+ 36. R1f2 Rxf2+ 37. Rxf2 Re5 38. Rd2 Kf6 39. Rd6+ Re6 40. Rxe6+ Kxe6 41. Kf3 f5 42. Kf4 Kf6 1/2-1/2

[Event "European School-ch G13 2024"]
[Site "Limerick"]
[Date "2024.06.07"]
[Round "7.4"]
[White "Doolin, Nemhain"]
[Black "Doolin, Bedhbh"]
[Result "1-0"]
[ECO "B23"]
[WhiteElo "1726"]
[BlackElo "1644"]
[Annotator "NA RC"]
[PlyCount "65"]
[EventDate "2024.05.31"]
[EventType "swiss"]
[EventCountry "IRL"]
[SourceTitle "playchess.com"]
[Source "ChessBase"]
[SourceQuality "1"]
[TimeControl "5400+30"]

1. e4 c5 2. Nc3 Nc6 3. f4 e6 4. Nf3 a6 5. a4 d5 6. e5 Nge7 7. g3 c4 8. Bg2 Nf5 9. d3 d4 10. Ne4 Bb4+ 11. c3 Ba5 12. dxc4 O-O 13. b4 Bb6 14. c5 Bc7 15. Rb1 Qd5 16. Nxd4 Qc4 17. Nxc6 bxc6 18. Qe2 Qxe2+ 19. Kxe2 Rb8 20. Nd6 Bxd6 21. cxd6 Bd7 22. Be3 f6 23. c4 fxe5 24. fxe5 Nxe3 25. Kxe3 Rf5 26. Kd4 Rbf8 27. Rhf1 Rf2 28. Rxf2 Rxf2 29. Rg1 Rb2 30. Kc5 Re2 31. Bxc6 Bxc6 32. Kxc6 Rxe5 33. d7 1-0

[Event "European School-ch G13 2024"]
[Site "Limerick"]
[Date "2024.06.07"]
[Round "7.5"]
[White "Babijczuk, Nina"]
[Black "Tumer, Eylul"]
[Result "0-1"]
[ECO "D00"]
[WhiteElo "1514"]
[BlackElo "1539"]
[Annotator "NA RC"]
[PlyCount "26"]
[EventDate "2024.05.31"]
[EventType "swiss"]
[EventCountry "IRL"]
[SourceTitle "playchess.com"]
[Source "ChessBase"]
[SourceQuality "1"]
[TimeControl "5400+30"]

1. d4 d5 2. Nc3 c5 3. e4 dxe4 4. Nxe4 cxd4 5. Bb5+ Bd7 6. Bc4 Bc6 7. Qe2 e6 8. Bg5 Qa5+ 9. c3 dxc3 10. bxc3 Bxe4 11. Qxe4 Qxc3+ 12. Ke2 Qb2+ 13. Kf3 Nc6 0-1